 Dungeon Crawl Stone Soup version 0.29.0-4-gdea44cf6ec (webtiles) character file.

Game seed: 902644926299447564

3014 qw the Cleaver (level 9, -1/57 HPs)
             Began as a Gargoyle Berserker on Sept 5, 2022.
             Was a Priest of Trog.
             Slain by a meliai
             ... wielding a +0 war axe
              (7 damage)
             ... on level 8 of the Dungeon.
             The game lasted 00:02:50 (7598 turns).

qw the Cleaver (Gargoyle Berserker)                 Turns: 7598, Time: 00:02:51

Health: -1/57      AC: 22    Str: 25 (26) XL:     9   Next: 85%
Magic:  8/8        EV:  7    Int:  7      God:    Trog [***...]
Gold:   300        SH:  5    Dex:  9      Spells: 8/8 levels left

rFire   . . .      SeeInvis .   Y - +0 war axe
rCold   + . .      Faith    .   (no shield)
rNeg    + . .      Spirit   .   i - +0 plate armour
rPois   inf        Reflect  +   l - +2 helmet
rElec   +          Harm     .   (no cloak)
rCorr   .          Rampage  .   (no gloves)
Will    .....                   (no boots)
Stlth   ..........              c - amulet of reflection
HPRegen 0.99/turn               (no ring)
MPRegen 0.11/turn               (no ring)

@: on berserk cooldown, slowed, very slow
A: sickness immunity, AC +6, negative energy resistance 1, electricity
resistance, torment resistance 1, petrification resistance, cold resistance 1,
deterioration 1, low MP 1, regeneration 1
a: Renounce Religion, Berserk, Trog's Hand


You were on level 8 of the Dungeon.
You worshipped Trog.
Trog was most pleased with you.
You visited 1 branch of the dungeon, and saw 8 of its levels.

You collected 300 gold pieces.


Innate Abilities, Weirdness & Mutations

You are immune to sickness and miasma.
Your stone body is resilient. (AC +6)
You are immune to poison.
You resist negative energy. (rN+)
You are resistant to electric shocks. (rElec)
You are resistant to unholy torment.
You are immune to petrification.
Your flesh is cold resistant. (rC+)
Your body sometimes deteriorates upon taking damage.
Your magical capacity is low. (-10% MP)
Your natural rate of healing is unusually fast.


   Skills:
 + Level 7.1 Fighting
 - Level 10.0 Axes
 - Level 2.0 Throwing
 - Level 6.3 Armour
 - Level 1.5 Dodging


You had 8 spell levels left.
You didn't know any spells.
Your spell library was empty.

Inventory:

Hand Weapons
 e - a +0 eveningstar
 Y - a +0 war axe (weapon)
Missiles
 m - 5 boomerangs (quivered)
Armour
 i - a +0 plate armour (worn)
 l - a +2 helmet (worn)
Jewellery
 c - an amulet of reflection (around neck)
Scrolls
 b - 5 scrolls of teleportation
 h - 2 scrolls of identify
Potions
 d - 2 potions of mutation
 g - 2 potions of heal wounds
 j - 4 potions of curing
 o - a potion of haste

Dungeon Overview and Level Annotations

Branches:
Dungeon (8/15)             Temple (0/1) D:5
   Lair: D:8-11

Altars:
Fedhas
Hepliaklqana
Makhleb
Vehumet
Wu Jian
Zin
The Shining One

Annotations:
D:3 1 runed translucent door, Crazy Yiuf, Natasha


Message History

The gnoll is moderately wounded.
You are no longer berserk.
You are exhausted.
You feel yourself slow down. The gnoll barely misses you.
You slash the gnoll!
You kill the gnoll!
Trog accepts your kill.
You start waiting.
A meliai is nearby!
7590 ||| Stepping ~*~*~tactically~*~*~ (stealth).
7591 ||| Stepping ~*~*~tactically~*~*~ (stealth).
Found a robe.
You start waiting.
A meliai is nearby!
The meliai buzzes angrily.
You slash the meliai!
The meliai is heavily wounded.
The meliai hits you with a +0 war axe. You block the meliai's attack.
The meliai hits you but does no damage.
The meliai stings you but does no damage.
The meliai hits you with a +0 war axe. You block the meliai's attack.
You barely miss the meliai.
The meliai is heavily wounded.
The meliai calls down the wrath of its god upon you.
Something smites you!
Your body deteriorates!
You feel weakened. The meliai hits you with a +0 war axe!
You block the meliai's attack. The meliai closely misses you.
The meliai barely misses you.
You closely miss the meliai.
The meliai is heavily wounded.
The meliai barely misses you. The meliai closely misses you.
The meliai hits you with a +0 war axe. The meliai stings you.
You block the meliai's attack.
The meliai stings you but does no damage.
You hit the meliai but do no damage.
The meliai is heavily wounded.
The meliai hits you with a +0 war axe!
The meliai stings you but does no damage.
The meliai hits you with a +0 war axe.
You die...

#. ..### ##..# .. #...#
....# #.[.
.####...###....##...
.#.##[..........#..###...
.#..##.......#..#.. ....
.............#....##...
..................#...#
....#........##...#...# .
.##.#........#
#@.#...#.).
###.#.##...###
##y#).....: #
#.#.......## #.).#
##...........####...#
#...........).#)...#
#...........#.)y...##
#...........#[).....#
#............).........
...........)y..........


You could see a meliai.

Vanquished Creatures
  Pikel (D:4)
  A slime creature (D:8)
  Eustachio (D:5)
  A steam dragon (D:8)
  A water moccasin (D:7)
  2 black bears
  4 ice beasts
  A sky beast (D:6)
  A centaur (D:5)
  2 lemures (D:4)
  A bullfrog (D:7)
  A gnoll sergeant (D:8)
  A scorpion (D:7)
  An electric eel (D:6)
  A howler monkey (D:7)
  5 hounds
  2 jellies
  2 orc priests
  Jessica (D:2)
  2 gnoll boudas
  8 iguanas
  Ijyb (D:3)
  Natasha (twice) (D:3)
  2 orc wizards (D:7)
  Robin (D:3)
  17 gnolls
  6 adders
  3 shadow imps
  3 white imps
  A worm (D:3)
  2 dart slugs
  15 orcs
  4 endoplasms
  A giant cockroach (D:4)
  10 goblins
  10 hobgoblins
  3 jackals (D:1)
  6 kobolds
  4 quokkas
  4 ball pythons
  4 frilled lizards
  6 rats
145 creatures vanquished.

Vanquished Creatures (others)
  2 fungi (D:1)
  11 plants (D:6)
13 creatures vanquished.

Grand Total: 158 creatures vanquished

Notes
Turn   | Place    | Note
-------+----------+-------------------------------------------
     0 | D:1      | qw the Gargoyle Berserker began the quest for the Orb.
     0 | D:1      | Reached XP level 1. HP: 14/14 MP: 1/1
     0 | D:1      | 0 ||| qw: Version: 0.1-a-104-g96f76f8
     0 | D:1      | 0 ||| qw: Game counter: 6021
     0 | D:1      | 0 ||| qw: Always use a shield: true
     0 | D:1      | 0 ||| qw: Do Orc after D:15 true
     0 | D:1      | 0 ||| qw: Do second Lair branch before Depths: true
     0 | D:1      | 0 ||| qw: Lair rune preference: random
     0 | D:1      | 0 ||| qw: Plans: Normal
     0 | D:1      | 0 ||| PLANNING D:1-11
    21 | D:1      | 21 ||| INVOKING Berserk.
   316 | D:1      | 316 ||| Stepping ~*~*~tactically~*~*~ (stealth).
   326 | D:1      | Reached skill level 3 in Axes
   331 | D:1      | 331 ||| Stepping ~*~*~tactically~*~*~ (stealth).
   373 | D:1      | Reached XP level 2. HP: 14/19 MP: 2/2
   585 | D:1      | 585 ||| Stepping ~*~*~tactically~*~*~ (stealth).
   587 | D:1      | 587 ||| Stepping ~*~*~tactically~*~*~ (stealth).
   836 | D:1      | 836 ||| UPGRADING to +0 leather armour.
   846 | D:1      | 846 ||| DROPPING +0 animal skin.
   847 | D:1      | 847 ||| UPGRADING to +0 ring mail.
   857 | D:1      | 857 ||| DROPPING +0 leather armour.
   858 | D:1      | 858 ||| READING scroll labelled BUASCH JEPSI.
   859 | D:1      | 859 ||| READING 3 scrolls labelled MOSEOQ EGGOU.
   860 | D:1      | 860 ||| READING 2 scrolls of identify.
   860 | D:1      | 860 ||| IDENTIFYING fuming white potion
   861 | D:1      | 861 ||| DROPPING potion of flight.
   904 | D:2      | 904 ||| STAIRDANCE
  1122 | D:2      | 1122 ||| Stepping ~*~*~tactically~*~*~ (stealth).
  1123 | D:2      | 1123 ||| Stepping ~*~*~tactically~*~*~ (stealth).
  1124 | D:2      | 1124 ||| Stepping ~*~*~tactically~*~*~ (stealth).
  1128 | D:2      | 1128 ||| INVOKING Berserk.
  1132 | D:2      | Reached XP level 3. HP: 23/23 MP: 3/3
  1204 | D:2      | Reached skill level 4 in Axes
  1358 | D:2      | Found a faded altar of an unknown god.
  1395 | D:2      | 1395 ||| INVOKING Berserk.
  1401 | D:2      | Reached XP level 4. HP: 28/28 MP: 4/4
  1834 | D:2      | Noticed Jessica
  1835 | D:2      | 1835 ||| Stepping ~*~*~tactically~*~*~ (hiding).
  1843 | D:2      | 1843 ||| Stepping ~*~*~tactically~*~*~ (hiding).
  1853 | D:2      | Killed Jessica
  1924 | D:2      | 1924 ||| Stepping ~*~*~tactically~*~*~ (stealth).
  1926 | D:2      | 1926 ||| Stepping ~*~*~tactically~*~*~ (stealth).
  1994 | D:2      | Reached skill level 5 in Axes
  2075 | D:2      | 2075 ||| UPGRADING to +0 scale mail.
  2085 | D:2      | 2085 ||| DROPPING +0 ring mail.
  2086 | D:2      | 2086 ||| UPGRADING to +1 helmet.
  2091 | D:2      | 2091 ||| READING scroll of enchant armour.
  2091 | D:2      | 2091 ||| ENCHANTING +1 helmet.
  2092 | D:2      | 2092 ||| READING 3 scrolls labelled OMUOSAIJUH.
  2093 | D:2      | 2093 ||| READING scroll labelled NYNAQIMMAURE.
  2094 | D:2      | 2094 ||| READING scroll labelled EMOTZERUSU.
  2099 | D:2      | 2099 ||| READING scroll labelled WIS FOUCOMAI.
  2100 | D:2      | 2100 ||| READING scroll labelled NUUGELISCHAQ.
  2201 | D:2      | 2201 ||| DRINKING 2 black potions.
  2202 | D:2      | 2202 ||| DRINKING 2 sapphire potions.
  2202 | D:2      | Gained mutation: Your body sometimes deteriorates upon
                  | taking damage. [potion of mutation]
  2202 | D:2      | Gained mutation: You have hidden genetic potential. [potion
                  | of mutation]
  2202 | D:2      | Gained mutation: Your magical capacity is low. (-10% MP)
                  | [potion of mutation]
  2203 | D:2      | 2203 ||| DRINKING 2 golden potions.
  2204 | D:2      | 2204 ||| DROPPING 2 scrolls of vulnerability.
  2205 | D:2      | 2205 ||| DROPPING potion of degeneration.
  2227 | D:3      | Reached XP level 5. HP: 32/32 MP: 4/4
  2231 | D:3      | Found a burning altar of Makhleb.
  2347 | D:3      | 2347 ||| Stepping ~*~*~tactically~*~*~ (stealth).
  2348 | D:3      | 2348 ||| Stepping ~*~*~tactically~*~*~ (stealth).
  2350 | D:3      | Reached ** piety under Trog
  2352 | D:3      | Noticed Robin
  2353 | D:3      | 2353 ||| Stepping ~*~*~tactically~*~*~ (hiding).
  2360 | D:3      | 2360 ||| INVOKING Berserk.
  2363 | D:3      | Killed Robin
  2463 | D:3      | Noticed Ijyb
  2464 | D:3      | 2464 ||| Stepping ~*~*~tactically~*~*~ (hiding).
  2467 | D:3      | 2467 ||| INVOKING Berserk.
  2484 | D:3      | Killed Ijyb
  2488 | D:3      | Gained mutation: Your natural rate of healing is unusually
                  | fast. [hidden potential]
  3052 | D:3      | Found a runed translucent door.
  3053 | D:3      | Noticed Crazy Yiuf
  3209 | D:3      | Noticed Natasha
  3210 | D:3      | 3210 ||| Stepping ~*~*~tactically~*~*~ (hiding).
  3212 | D:3      | 3212 ||| INVOKING Berserk.
  3215 | D:3      | Killed Natasha
  3444 | D:3      | Noticed Natasha
  3448 | D:3      | 3448 ||| INVOKING Berserk.
  3450 | D:3      | Killed Natasha
  3451 | D:3      | Reached XP level 6. HP: 38/38 MP: 5/5
  3501 | D:3      | Noticed Natasha
  3502 | D:3      | 3502 ||| Stepping ~*~*~tactically~*~*~ (stealth).
  3523 | D:3      | 3523 ||| UPGRADING to +0 chain mail.
  3533 | D:3      | 3533 ||| DROPPING +0 scale mail.
  3534 | D:3      | 3534 ||| READING scroll labelled UMNU XINGONEK.
  3535 | D:3      | 3535 ||| READING 2 scrolls of identify.
  3535 | D:3      | 3535 ||| IDENTIFYING fuming clear potion
  3607 | D:4      | Found a blossoming altar of Fedhas.
  3718 | D:4      | Noticed Pikel
  3724 | D:4      | 3724 ||| INVOKING Berserk.
  3739 | D:4      | Killed Pikel
  3740 | D:4      | Reached skill level 7 in Axes
  3740 | D:4      | Reached XP level 7. HP: 34/43 MP: 6/6
  3748 | D:4      | Gained mutation: Your flesh is cold resistant. (rC+)
                  | [hidden potential]
  3748 | D:4      | Lost mutation: You have hidden genetic potential. [hidden
                  | potential expressed]
  4021 | D:4      | Found a hazy altar of Hepliaklqana.
  4093 | D:4      | Found a radiant altar of Vehumet.
  4144 | D:4      | 4144 ||| UPGRADING to amulet of reflection.
  4149 | D:4      | 4149 ||| READING scroll labelled VUZATI VAXY.
  4150 | D:4      | 4150 ||| READING 2 scrolls of identify.
  4150 | D:4      | 4150 ||| IDENTIFYING yellow potion
  4151 | D:4      | 4151 ||| DROPPING potion of invisibility.
  4165 | D:5      | Entered Level 5 of the Dungeon
  4176 | D:5      | 4176 ||| DROPPING +0 whip of venom.
  4220 | D:5      | 4220 ||| Stepping ~*~*~tactically~*~*~ (hiding).
  4221 | D:5      | 4221 ||| Stepping ~*~*~tactically~*~*~ (hiding).
  4222 | D:5      | 4222 ||| Stepping ~*~*~tactically~*~*~ (hiding).
  4244 | D:5      | Reached skill level 3 in Armour
  4297 | D:5      | 4297 ||| INVOKING Berserk.
  4298 | D:5      | 4298 ||| INVOKING Berserk.
  4304 | D:5      | Reached XP level 8. HP: 49/49 MP: 7/7
  4423 | D:5      | 4423 ||| Stepping ~*~*~tactically~*~*~ (stealth).
  4425 | D:5      | 4425 ||| Stepping ~*~*~tactically~*~*~ (stealth).
  4428 | D:5      | 4428 ||| Stepping ~*~*~tactically~*~*~ (stealth).
  4444 | D:5      | Noticed Eustachio
  4449 | D:5      | 4449 ||| INVOKING Berserk.
  4466 | D:5      | Killed Eustachio
  4467 | D:5      | Reached skill level 8 in Axes
  4636 | D:5      | 4636 ||| Stepping ~*~*~tactically~*~*~ (stealth).
  4771 | D:5      | Found an ornate altar of the Wu Jian Council.
  4914 | D:5      | Found a staircase to the Ecumenical Temple.
  5006 | D:5      | Reached skill level 6 in Fighting
  5133 | D:5      | Found a glowing silver altar of Zin.
  5192 | D:5      | 5192 ||| DRINKING 2 emerald potions.
  5227 | D:5      | 5227 ||| READING 2 scrolls of identify.
  5227 | D:5      | 5227 ||| IDENTIFYING silvery potion
  5228 | D:5      | 5228 ||| DROPPING potion of magic.
  5229 | D:5      | 5229 ||| DROPPING potion of lignification.
  5237 | D:6      | 5237 ||| INVOKING Berserk.
  5251 | D:6      | 5251 ||| STAIRDANCE
  5461 | D:6      | 5461 ||| INVOKING Berserk.
  5623 | D:6      | 5623 ||| Stepping ~*~*~tactically~*~*~ (stealth).
  5629 | D:6      | 5629 ||| INVOKING Berserk.
  5670 | D:6      | Reached skill level 9 in Axes
  5848 | D:6      | 5848 ||| Stepping ~*~*~tactically~*~*~ (stealth).
  5857 | D:6      | 5857 ||| Stepping ~*~*~tactically~*~*~ (stealth).
  5868 | D:6      | 5868 ||| INVOKING Berserk.
  5871 | D:6      | Reached XP level 9. HP: 55/55 MP: 8/8
  6238 | D:6      | 6238 ||| SWAPPING to +0 war axe.
  6241 | D:6      | 6241 ||| DROPPING +0 hand axe.
  6247 | D:6      | 6247 ||| Stepping ~*~*~tactically~*~*~ (hiding).
  6254 | D:6      | 6254 ||| INVOKING Berserk.
  6261 | D:6      | 6261 ||| Stepping ~*~*~tactically~*~*~ (stealth).
  6428 | D:6      | Found a glowing golden altar of the Shining One.
  6607 | D:6      | 6607 ||| UPGRADING to +0 plate armour.
  6617 | D:6      | 6617 ||| DROPPING +0 chain mail.
  6618 | D:6      | 6618 ||| READING scroll labelled LYCUWI VUIRES.
  6619 | D:6      | 6619 ||| DRINKING 2 viscous golden potions.
  6720 | D:6      | 6720 ||| READING 3 scrolls of identify.
  6720 | D:6      | 6720 ||| IDENTIFYING brown potion
  6721 | D:6      | 6721 ||| DROPPING potion of ambrosia.
  6806 | D:7      | 6806 ||| Stepping ~*~*~tactically~*~*~ (hiding).
  6851 | D:7      | 6851 ||| Stepping ~*~*~tactically~*~*~ (hiding).
  6852 | D:7      | 6852 ||| Stepping ~*~*~tactically~*~*~ (hiding).
  6858 | D:7      | Reached *** piety under Trog
  6877 | D:7      | Identified the +6 flail "Gebeugar" {freeze, rF+}
  6879 | D:7      | 6879 ||| DROPPING +0 flail.
  6955 | D:7      | 6955 ||| DROPPING +6 flail "Gebeugar" {freeze, rF+}.
  6990 | D:7      | 6990 ||| INVOKING Berserk.
  7172 | D:7      | 7172 ||| Stepping ~*~*~tactically~*~*~ (hiding).
  7173 | D:7      | 7173 ||| Stepping ~*~*~tactically~*~*~ (hiding).
  7198 | D:7      | 7198 ||| Stepping ~*~*~tactically~*~*~ (stealth).
  7200 | D:7      | 7200 ||| Stepping ~*~*~tactically~*~*~ (stealth).
  7203 | D:7      | 7203 ||| Stepping ~*~*~tactically~*~*~ (hiding).
  7208 | D:7      | 7208 ||| Stepping ~*~*~tactically~*~*~ (hiding).
  7212 | D:7      | 7212 ||| INVOKING Berserk.
  7413 | D:7      | 7413 ||| DROPPING ring of flight.
  7414 | D:7      | 7414 ||| READING scroll labelled ODANIE FUMO.
  7415 | D:7      | 7415 ||| READING 3 scrolls of identify.
  7415 | D:7      | 7415 ||| IDENTIFYING lumpy puce potion
  7416 | D:7      | 7416 ||| DROPPING potion of berserk rage.
  7433 | D:8      | 7433 ||| PLANNING OSSUARY
  7497 | D:8      | 7497 ||| Stepping ~*~*~tactically~*~*~ (hiding).
  7499 | D:8      | 7499 ||| INVOKING Berserk.
  7509 | D:8      | Reached skill level 10 in Axes
  7539 | D:8      | Reached skill level 6 in Armour
  7548 | D:8      | Identified the +2 leather armour of Hadjma {Harm Str+2
                  | Slay+2}
  7548 | D:8      | Noticed a meliai
  7549 | D:8      | 7549 ||| Stepping ~*~*~tactically~*~*~ (stealth).
  7550 | D:8      | 7550 ||| Stepping ~*~*~tactically~*~*~ (stealth).
  7566 | D:8      | 7566 ||| Stepping ~*~*~tactically~*~*~ (stealth).
  7567 | D:8      | 7567 ||| Stepping ~*~*~tactically~*~*~ (stealth).
  7569 | D:8      | 7569 ||| Stepping ~*~*~tactically~*~*~ (hiding).
  7575 | D:8      | 7575 ||| INVOKING Berserk.
  7590 | D:8      | 7590 ||| Stepping ~*~*~tactically~*~*~ (stealth).
  7591 | D:8      | 7591 ||| Stepping ~*~*~tactically~*~*~ (stealth).
  7598 | D:8      | HP: 6/57 [meliai/+0 war axe (11)]
  7598 | D:8      | Slain by a meliai

Levels and vault maps discovered:
D:1:      minmay_arrival_radiant_lines, layout_basic, minmay_misc_feat_plants,
          minmay_shallow_snake_nest
D:2:      layout_basic, dilly_ecumenical_altar_fadedgnrine, st_stairs_7,
          uniq_jessica
D:3:      layout_basic, mainiacjoe_overflow_surrounded_room, uniq_ijyb,
          uniq_crazy_yiuf_cottage, uniq_robin, uniq_natasha
D:4:      cheibrodos_quashed, layout_cave_pools, mainiacjoe_overflow_alcove_2,
          fedhas_altar_2, kennysheep_little_box, uniq_pikel
D:5:      layout_loops_ring, nzn_wu_jian_contemplation, zin_statuary,
          minmay_temple_entry_nine_rooms, hangedman_decor_peaks_small,
          uniq_eustachio
D:6:      dreamdust_elfheim, layout_basic, mainiacjoe_overflow_24_doors,
          serial_bayou_lake_a
D:7:      layout_gridville, kennysheep_generic_room_5
D:8:      layout_rooms, mainiacjoe_overflow_small_starburst,
          cheibrodos_ashenzari_chains, nicolae_ossuary_entry_plus,
          minmay_radiant

Skill      XL: |  1  2  3  4  5  6  7  8  9 |
---------------+----------------------------+-----
Axes           | 3 4 5 7 9 10 | 10.0
Fighting       | 4 5 6 7 |  7.1
Armour         | 3 4 6 |  6.3
Throwing       | 2 |  2.0
Dodging        | |  1.5

Action                   |  1- 3 |  4- 6 |  7- 9 || total
-------------------------+-------+-------+-------++-------
Melee: Hand axe          |   106 |   149 |   243 ||   498
       Punch             |     1 |       |     8 ||     9
       War axe           |       |       |   111 ||   111
Throw: Boomerang         |       |       |    19 ||    19
Invok: Berserk           |     3 |     5 |    11 ||    19
  Use: Scroll            |     3 |     8 |     7 ||    18
       Potion            |       |     3 |     2 ||     5
Armor: Animal skin       |    16 |       |       ||    16
       Ring mail         |    23 |     8 |       ||    31
       Scale mail        |       |    45 |       ||    45
       Chain mail        |       |    22 |   118 ||   140
       Plate armour      |       |       |    51 ||    51
Dodge: Dodged            |    57 |    53 |   109 ||   219
Block: Other             |       |       |    51 ||    51
       Reflection        |       |       |     1 ||     1

Table legend:
 A = Non-vault XP
 B = Vault XP
 C = Vault XP percentage of total XP
 D = Non-vault monster count
 E = Vault monster count
 F = Vault count percentage of total count
                 A         B        C        D         E       F
            +---------+---------+-------+---------+---------+-------
      Total |    2952 |    1354 |  31.4 |     120 |      23 |  16.1
            +---------+---------+-------+---------+---------+-------
        D:1 |      12 |       3 |  20.0 |       7 |       2 |  22.2
        D:2 |     105 |      39 |  27.1 |      18 |       2 |  10.0
        D:3 |      88 |     104 |  54.2 |      18 |      13 |  41.9
        D:4 |      59 |     641 |  91.6 |       8 |       1 |  11.1
        D:5 |     502 |     196 |  28.1 |      14 |       1 |   6.7
        D:6 |    1046 |       0 |   0.0 |      26 |       0 |   0.0
        D:7 |     727 |      97 |  11.8 |      18 |       3 |  14.3
        D:8 |     413 |     274 |  39.9 |      11 |       1 |   8.3
            +---------+---------+-------+---------+---------+-------
